 Dungeon Crawl Stone Soup version 0.20.1-1-g8b1a95d (webtiles) character file.

1263 Nattfarinn the Ruffian (level 8, -1/81 HPs)
             Began as a Troll Earth Elementalist on Aug 1, 2017.
             Was an Initiate of Sif Muna.
             Killed by divine providence
             ... invoked by an orc priest
              (12 damage)
             ... on level 6 of the Dungeon.
             The game lasted 00:07:23 (4284 turns).

Nattfarinn the Ruffian (Troll Earth Elementalist)   Turns: 4284, Time: 00:07:29

Health: -1/81      AC:  5    Str: 17    XL:     8   Next: 27%
Magic:  10/11      EV: 11    Int: 13    God:    Sif Muna [......]
Gold:   260        SH:  7    Dex: 10    Spells: 10/11 levels left

rFire    . . .     SeeInvis .     - Unarmed
rCold    . . .     Gourm    +   o - +0 shield
rNeg     + . .     Faith    .   c - +0 robe
rPois    .         Spirit   .   (helmet restricted)
rElec    .         Reflect  .   (no cloak)
rCorr    .         Harm     .   (gloves unavailable)
MR       .....                  (boots unavailable)
Stlth    +.........             i - amulet of regeneration
Regen    1.1/turn               p - ring of positive energy
MPRegen  0.2/turn               s - +4 ring of evasion

@: no status effects
A: unfitting armour, claws 3, fast metabolism 3, gourmand, high mp 1,
regeneration 1, robust 1, shaggy fur 1, tough skin 2
a: Renounce Religion


You were on level 6 of the Dungeon.
You worshipped Sif Muna.
Sif Muna was noncommittal.
You were very full.

You visited 2 branches of the dungeon, and saw 7 of its levels.

You collected 260 gold pieces.

Inventory:

Missiles
 b - 129 stones (quivered)
Armour
 c - a +0 robe (worn)
 o - a +0 shield (worn)
Jewellery
 i - an amulet of regeneration (around neck)
 j - an uncursed amulet of harm {unknown}
 p - a ring of positive energy (left claw)
 s - a +4 ring of evasion (right claw)
 x - an uncursed ring of wizardry {unknown}
Wands
 y - a wand of lightning (9/15)
 E - a wand of confusion (31/48)
Scrolls
 g - 5 scrolls of identify {unknown}
 h - a scroll of enchant weapon {unknown}
 k - 3 scrolls of remove curse {unknown}
 l - 3 scrolls of amnesia {unknown}
 v - a scroll of teleportation {unknown}
 F - a scroll of recharging {unknown}
Potions
 f - a potion of invisibility
 m - a potion of lignification {unknown}
 n - 2 potions of curing {unknown}
 q - 2 potions of flight {unknown}
 r - 2 potions of degeneration {unknown}
 t - 2 potions of heal wounds {unknown}
 z - 2 potions of magic {unknown}
 A - a potion of haste {unknown}
 B - a potion of mutation
 D - a potion of might
Books
 e - a book of Geomancy

   Spells                             Type                      Level
   a - Sandblast                      Earth                        1
   b - Passwall                       Transmutation/Earth          2
   c - Stone Arrow                    Conjuration/Earth            3
   d - Petrify                        Transmutation/Earth          4
   e - Lee's Rapid Deconstruction     Earth                        5
Comestibles
 d - 4 bread rations
 u - a royal jelly
 w - a fruit
 C - a meat ration


   Skills:
 * Level 2.5 Fighting
 - Level 1.5 Dodging
 - Level 1.0 Stealth
 + Level 1.9 Shields
 * Level 7.5 Unarmed Combat
 * Level 2.1 Spellcasting
   Level 0.6 Transmutations
 * Level 4.4 Earth Magic


You had 10 spell levels left.
You knew the following spells:

 Your Spells              Type           Power        Failure   Level  Hunger
a - Sandblast             Erth           ##....       19%         1    ##.....


Dungeon Overview and Level Annotations

Branches:
Dungeon (6/15)             Temple (1/1) D:4

Altars:
Ashenzari
Dithmenos
Qazlal
Sif Muna
Uskayaw
Vehumet
Yredelemnul
Zin

Annotations:
D:2 1 runed door
D:6 Pikel


Innate Abilities, Weirdness & Mutations

You are too large for most types of armour.
You have claws for hands.
Your metabolism is lightning-fast.
You like to eat raw meat.
Your natural rate of healing is unusually fast.
You are covered in fur. (AC +1)
You have very tough skin. (AC +2)
You have an increased reservoir of magic. (+10% MP)
You are robust. (+10% HP)


Message History

It was a potion of invisibility.
You fade into invisibility!
The orc priest closely misses you.
You are very lightly contaminated with residual magic.
It was a potion of mutation.
You feel extremely strange.
You feel yourself wasting away.
You feel healthier.
You feel robust.
You feel more energetic. You block the orc priest's attack.
It was a potion of might.
You feel very mighty all of a sudden. The orc priest hits you with a flail.
* * * LOW HITPOINT WARNING * * *
It was a potion of cancellation.
Your magical effects are unravelling.
You feel magically purged.
Your magical contamination has completely faded away.
You flicker back into view.
You feel a little less mighty now.
The orc priest calls down the wrath of Beogh upon you.
Beogh smites you!
You die... .........# .........$# .........# ........# .# ..o.... #..## #opo.

#...##o.##########.....
#..).)#Kppo@...........
###..#oo#####...........
#....##5.$##...........
#....#55∩..#............
#..##.##5..##.............
#.. #..#####..............
#.. ##....................
#.###..(..###.............
..##.......###............


You could see Pikel, an orc warrior, 2 slaves and 2 orc priests.

Vanquished Creatures
  A water moccasin (D:5)
  A slave (D:6)
  3 phantoms
  A bullfrog (D:3)
  A scorpion (D:4)
  2 howler monkeys (D:5)
  2 crimson imps
  A hound (D:6)
  4 orc wizards
  A human skeleton (D:2)
  2 orc priests
  Terence (D:2)
  An iguana (D:5)
  7 worker ants
  4 gnolls (D:4)
  4 adders
  An adder skeleton (D:4)
  An adder zombie (D:4)
  A worm (D:2)
  2 dart slugs (D:2)
  5 leopard geckos
  19 orcs
  5 bats
  2 giant cockroaches
  11 goblins
  10 hobgoblins
  2 jackals (D:2)
  2 quokkas (D:4)
  2 ball pythons
  6 frilled lizards
  A jackal zombie (D:5)
  10 kobolds
  A quokka skeleton (D:5)
  A quokka zombie (D:5)
  7 rats
125 creatures vanquished.

Notes
Turn   | Place    | Note
-------+----------+-------------------------------------------
     0 | D:1      | Nattfarinn the Troll Earth Elementalist began the quest for the Orb.
     0 | D:1      | Reached XP level 1. HP: 16/16 MP: 1/1
   237 | D:1      | Reached XP level 2. HP: 26/26 MP: 3/3
   827 | D:2      | Found a runed door.
   827 | D:2      | Noticed a human
   831 | D:2      | Found a basalt altar of Yredelemnul.
   842 | D:2      | Reached skill level 1 in Unarmed Combat
   842 | D:2      | Reached XP level 3. HP: 32/32 MP: 4/4
   926 | D:2      | Reached skill level 1 in Fighting
   982 | D:2      | Found a shadowy altar of Dithmenos.
  1071 | D:2      | Noticed Terence
  1083 | D:2      | Killed Terence
  1083 | D:2      | Reached XP level 4. HP: 27/41 MP: 5/5
  1113 | D:2      | Reached skill level 2 in Unarmed Combat
  1746 | D:3      | Noticed a bullfrog
  1751 | D:3      | Reached skill level 3 in Unarmed Combat
  1751 | D:3      | Reached XP level 5. HP: 48/48 MP: 6/6
  2250 | D:4      | Reached skill level 4 in Unarmed Combat
  2266 | D:4      | Reached XP level 6. HP: 23/55 MP: 7/7
  2791 | D:4      | Reached skill level 5 in Unarmed Combat
  2860 | D:4      | Reached skill level 1 in Shields
  2860 | D:4      | Reached XP level 7. HP: 58/63 MP: 8/8
  3176 | D:4      | Found a staircase to the Ecumenical Temple.
  3185 | Temple   | Entered the Ecumenical Temple
  3191 | Temple   | Became a worshipper of Sif Muna the Loreminder
  3448 | D:5      | Entered Level 5 of the Dungeon
  3604 | D:5      | Reached skill level 6 in Unarmed Combat
  3673 | D:5      | Found a hide-covered altar of Uskayaw.
  3974 | D:5      | Found a basalt altar of Yredelemnul.
  4161 | D:6      | Reached XP level 8. HP: 72/72 MP: 8/10
  4190 | D:6      | Reached skill level 7 in Unarmed Combat
  4245 | D:6      | Noticed Pikel
  4282 | D:6      | Gained mutation: Your body sometimes deteriorates upon taking damage. [potion of mutation]
  4282 | D:6      | Lost mutation: Your body sometimes deteriorates upon taking damage. [potion of mutation]
  4282 | D:6      | Gained mutation: You are robust. (+10% HP) [potion of mutation]
  4282 | D:6      | Gained mutation: You have an increased reservoir of magic. (+10% MP) [potion of mutation]
  4284 | D:6      | Killed from afar by an orc priest

Skill      XL: |  1  2  3  4  5  6  7  8 |
---------------+-------------------------+-----
Earth Magic    | 3 4 |  4.4
Unarmed Combat | 1 3 4 5 6 7 |  7.5
Fighting       | 1 2 |  2.5
Shields        | 1 |  1.9
Spellcasting   | 2 |  2.1
Dodging        | |  1.5
Stealth        | |  1.0
Transmutations | |  0.6

Action                   |  1- 3 |  4- 6 |  7- 9 || total
-------------------------+-------+-------+-------++-------
Melee: Unarmed           |   120 |   202 |   155 ||   477
  Use: Potion            |       |       |     4 ||     4
 Stab: Sleeping          |     3 |     1 |     1 ||     5
  Eat: Chunk             |     3 |    23 |    13 ||    39
       Bread ration      |     1 |       |       ||     1
Armor: Robe              |    43 |    48 |    28 ||   119
Dodge: Dodged            |    53 |    86 |    55 ||   194
Block: Shield            |     6 |    62 |    37 ||   105
